 Dungeon Crawl Stone Soup version 0.31-a0-360-gb3e1d13bf4 (webtiles) character file.

Game seed: 12108761453916193298

560 randomguy2701 the Chopper (level 7, -2/61 HPs)
             Began as a Minotaur Fighter on July 26, 2023.
             Slain by a white imp (3 damage)
             ... summoned by Eustachio
             ... on level 5 of the Dungeon.
             The game lasted 00:04:02 (3885 turns).

randomguy2701 the Chopper (Minotaur Fighter)        Turns: 3885, Time: 00:04:03

Health: -2/61      AC:  0    Str: 20    XL:     7   Next: 9%
Magic:  6/6        EV: 14    Int:  5    God:
Gold:   132        SH:  0    Dex: 12    Spells: 6/6 levels left

rFire   . . .        a - melded +0 war axe
rCold   . . .        c - melded +0 buckler
rNeg    . . .        b - melded +0 scale mail
rPois   .            (helmet currently unavailable)
rElec   .            (cloak currently unavailable)
rCorr   .            (gloves currently unavailable)
SInv    .            (boots currently unavailable)
Will    .....        (no amulet)
Stlth   +            (ring currently unavailable)
HPRegen 0.30/turn    (ring currently unavailable)
MPRegen 0.10/turn

%: no passive effects
@: pig-form (expiring), very quick
A: fast, no casting, small, (horns 2), (retaliatory headbutt)
a: no special abilities


You were on level 5 of the Dungeon.
You were a filthy swine.
You visited 1 branch of the dungeon, and saw 5 of its levels.

You collected 132 gold pieces.

Inventory:

Hand Weapons
 a - a +0 war axe (melded)
Missiles
 n - 2 throwing nets
Armour
 b - a +0 scale mail (melded)
 c - a +0 buckler (melded)
Jewellery
 j - a ring of resist corrosion
 s - a ring of see invisible
 u - a ring of flight
Scrolls
 e - 6 scrolls of identify {unknown}
 f - 2 scrolls of amnesia {unknown}
 m - a scroll of acquirement {unknown}
 o - 2 scrolls of blinking {unknown}
 p - a scroll of revelation {unknown}
 r - a scroll of torment {unknown}
 t - 2 scrolls of teleportation {unknown}
 w - a scroll of poison {unknown}
 x - a scroll of enchant weapon {unknown}
Potions
 d - a potion of might
 g - a potion of enlightenment {unknown}
 h - a potion of attraction {unknown}
 i - a potion of mutation {unknown}
 k - a potion of haste {unknown}
 l - a potion of curing {unknown}
 q - 2 potions of heal wounds {unknown}
 v - a potion of degeneration {unknown}


   Skills:
 + Level 5.1 Fighting
 + Level 6.5 Axes
 + Level 5.4 Armour
 + Level 2.0 Dodging
 + Level 0.3 Stealth
 + Level 4.5 Shields


You had 6 spell levels left.
You didn't know any spells.
Your spell library contained the following spells:

 Spells                   Type           Power      Damage    Failure   Level
 Sandblast                Erth           0%         2d4       47%         1
 Cigotuvi's Dreadful Rot  Necr/Pois/Air  0%         N/A       63%         2
 Passwall                 Tmut/Erth      0%         N/A       63%         2
 Ignite Poison            Fire/Tmut/Pois 0%         N/A       85%         3
 Stone Arrow              Conj/Erth      0%         3d7       85%         3
 Vhi's Electric Charge    Tloc/Air       0%         N/A       85%         3
 Arcjolt                  Conj/Air       0%         1d10      100%        5
 Freezing Cloud           Conj/Ice/Air   0%         6-21      100%        5
 Maxwell's Capacitive Co  Air            0%         ∞         100%        8


Dungeon Overview and Level Annotations

Branches:
Dungeon (5/15)
 Temple: D:4-7

Altars:
Sif Muna
Yredelemnul
The Shining One

Annotations:
D:5 Eustachio


Innate Abilities, Weirdness & Mutations

You are a filthy swine.
You move quickly.
Your equipment is almost entirely melded.
You are incapable of wielding weapons or throwing items.
You cannot cast spells.
((You have a pair of horns on your head.))
((You reflexively headbutt those who attack you in melee.))


Message History

You hit the river rat but do no damage. The quokka closely misses you.
Eustachio casts a spell.
The river rat completely misses you. The rat closely misses you.
You hit the river rat but do no damage. The quokka closely misses you.
Eustachio mumbles some strange words.
Eustachio blinks!
The river rat barely misses you. The rat barely misses you.
You hit the rat.
The rat is moderately wounded.
The quokka closely misses you. The river rat bites you!
* * * LOW HITPOINT WARNING * * *
You completely miss the quokka.
The quokka is moderately wounded.
The rat bites you.
* * * LOW HITPOINT WARNING * * *
The quokka closely misses you.
You hit the quokka but do no damage.
The quokka is moderately wounded.
The river rat closely misses you. The rat closely misses you.
The quokka closely misses you.
Unknown command.
You hit the quokka.
The quokka is severely wounded.
Your transformation is almost over.
The river rat closely misses you. The quokka closely misses you.
The rat bites you.
* * * LOW HITPOINT WARNING * * *
You hit the quokka.
You kill the quokka!
The quokka's corpse disappears in a puff of smoke!
The river rat misses you. The rat closely misses you.
You hit the white imp but do no damage. The river rat completely misses you.
The rat bites you.
* * * LOW HITPOINT WARNING * * *
The white imp gestures at you. The puff of frost hits you!
* * * LOW HITPOINT WARNING * * *
You hit the white imp.
The white imp is lightly wounded.
The river rat misses you. The white imp hits you.
You die...

#..#
####.#
#..#
#....#
...#
#.####
#### #.#
#.# #.#
#b# #r##
#rh#
#####5#
.###...#5#
.....⌠.@5#
.###...###
####


You could see Eustachio, a river rat (summoned), a white imp (summoned), 2
ufetubi, a bat (summoned) and a rat (summoned).

Vanquished Creatures
  A black bear (D:4)
  A jelly (D:5)
  4 orc priests
  A sleepcap (D:4)
  Jessica (D:2)
  An iguana (D:5)
  2 orc wizards
  3 gnolls
  6 adders
  2 worms (D:3)
  3 dart slugs
  14 orcs
  8 ball pythons
  5 bats
  7 endoplasms
  5 giant cockroaches
  4 goblins
  11 hobgoblins
  2 jackals (D:4)
  3 quokkas (D:2)
  3 frilled lizards
  6 kobolds
  5 rats
98 creatures vanquished.

Notes
Turn   | Place    | Note
-------+----------+-------------------------------------------
     0 | D:1      | randomguy2701 the Minotaur Fighter began the quest for the
                  | Orb.
     0 | D:1      | Reached XP level 1. HP: 19/19 MP: 0/0
   190 | D:1      | Reached XP level 2. HP: 27/27 MP: 1/1
  1092 | D:2      | Reached XP level 3. HP: 33/33 MP: 2/2
  1144 | D:2      | Reached skill level 3 in Axes
  1310 | D:2      | Noticed Jessica
  1314 | D:2      | Killed Jessica
  1315 | D:2      | Reached XP level 4. HP: 37/40 MP: 3/3
  1685 | D:2      | Reached skill level 4 in Axes
  1839 | D:2      | Found a faded altar of an unknown god.
  2052 | D:3      | Reached XP level 5. HP: 41/47 MP: 4/4
  2505 | D:3      | Found a shimmering blue altar of Sif Muna.
  2827 | D:4      | Reached skill level 5 in Axes
  2852 | D:4      | Reached skill level 1 in Dodging
  2873 | D:4      | Found a glowing golden altar of the Shining One.
  2875 | D:4      | Noticed an angel
  2884 | D:4      | Found a basalt altar of Yredelemnul.
  2930 | D:4      | Reached XP level 6. HP: 28/55 MP: 5/5
  2932 | D:4      | Reached skill level 5 in Fighting
  2938 | D:4      | Reached skill level 5 in Armour
  3503 | D:5      | Entered Level 5 of the Dungeon
  3579 | D:5      | Reached skill level 6 in Axes
  3624 | D:5      | Reached XP level 7. HP: 44/61 MP: 6/6
  3853 | D:5      | Noticed Eustachio
  3884 | D:5      | HP: 1/61 [white imp/puff of frost[Eustachio] (9)]
  3885 | D:5      | Slain by a white imp

Illustrated notes

Levels and vault maps discovered:
D:1:      dpeg_arrival_round_b, layout_basic, hex_tiny,
          nicolae_concentric_dashed_squares_mild
D:2:      layout_basic, shapermc_ecumenical_altar_petra, uniq_jessica
D:3:      minmay_chambers_of_threes, layout_basic, nicolae_sif_muna_condensation
D:4:      layout_basic, grunt_temple_overflow_holy_war
D:5:      layout_loops_ring, elyvilon_altar_1, mainiacjoe_overflow_swirl,
          uniq_blork_the_orc, uniq_eustachio

Skill      XL: |  1  2  3  4  5  6  7 |
---------------+----------------------+-----
Fighting       | 4 5 |  5.1
Armour         | 4 5 |  5.4
Shields        | 4 |  4.5
Axes           | 3 4 5 6 |  6.5
Dodging        | 1 2 |  2.0
Stealth        | |  0.3

Action                     |  1- 3 |  4- 6 |  7- 9 || total
---------------------------+-------+-------+-------++-------
  Melee: War axe           |    42 |   173 |    11 ||   226
         Headbutt          |     8 |    33 |     6 ||    47
         Unarmed           |       |       |    21 ||    21
 Armour: Scale mail        |    19 |    76 |       ||    95
  Dodge: Dodged            |    15 |    67 |    37 ||   119
  Block: Buckler           |    13 |    36 |     3 ||    52

Table legend: (Time is in decaauts)
 A = Elapsed time spent in this place.
 B = Non-inter-level travel time spent in this place.
 C = Inter-level travel time spent in this place.
 D = Time resting spent in this place.
 E = Time spent auto-exploring this place.
 F = Levels seen in this place.
 G = Mean time per level.
                   A        B        C        D        E       F      G
               +--------+--------+--------+--------+--------+-----+--------+
         Total |   3951 |   3852 |     99 |      2 |   3246 |   5 |  790.2 |
       Dungeon |   3951 |   3852 |     99 |      2 |   3246 |   5 |  790.2 |
               +--------+--------+--------+--------+--------+-----+--------+

Top non-repeatable levels by time:
     D:2: 968 daAuts
     D:1: 949 daAuts
     D:4: 877 daAuts
     D:3: 769 daAuts
     D:5: 387 daAuts
